 Dungeon Crawl Stone Soup version 0.23-a0-373-g305c090 (webtiles) character file.

12869 MisterFreud the Nimble (level 11, 0/51 HPs)
             Began as a Felid Transmuter on Oct 25, 2018.
             Was a High Priest of Cheibriados.
             Slain by a komodo dragon (31 damage)
             ... on level 1 of the Lair of Beasts.
             The game lasted 00:52:16 (11520 turns).

MisterFreud the Nimble (Felid Transmuter)          Turns: 11520, Time: 00:52:16

Health: 0/51       AC:  3    Str: 25    XL:     11   Next: 68%
Magic:  17/21      EV: 36    Int: 31    God:    Cheibriados [*****.]
Gold:   496        SH:  0    Dex: 31    Spells: 5/22 levels left
                                        Lives:  0   Deaths: 3

rFire    . . .     SeeInvis +     - Unarmed
rCold    + . .     Gourm    .   (shield unavailable)
rNeg     . . .     Faith    .   (armour unavailable)
rPois    .         Spirit   .   (helmet unavailable)
rElec    .         Reflect  .   (cloak unavailable)
rCorr    .         Harm     .   (gloves unavailable)
MR       +....                  (boots unavailable)
Stlth    +++.......             g - amulet of regeneration
HPRegen  0.57/turn              t - +3 ring of strength
MPRegen  0.17/turn              C - +3 ring of evasion

@: blade paws, very slightly contaminated, very slow
A: very small, no armour, no weapons or thrown items, stealth, claws 1, fangs 3,
see invisible, carnivore, speed 1, shaggy fur 3, slow metabolism 1
a: End Transformation, Bend Time, Temporal Distortion, Slouch, Step From Time,
Renounce Religion


You were on level 1 of the Lair of Beasts.
You worshipped Cheibriados.
Cheibriados was extremely pleased with you.
You were full.
You had blades for front paws.
You visited 2 branches of the dungeon, and saw 12 of its levels.

You collected 2034 gold pieces.
You spent 1538 gold pieces at shops.

Inventory:

Missiles
 a - 180 arrows
Jewellery
 g - an amulet of regeneration (around neck)
 j - an uncursed amulet of the acrobat
 m - an uncursed ring of protection from cold
 o - a cursed ring of flight
 r - an uncursed ring of stealth
 t - a +3 ring of strength (left scythe-like blade)
 w - a +6 amulet of reflection
 C - a +3 ring of evasion (right scythe-like blade)
Wands
 s - a wand of scattershot (2)
 v - a wand of paralysis (6)
 y - a wand of iceblast (18)
 A - a wand of polymorph (18)
Scrolls
 h - 6 scrolls of remove curse
 k - 10 scrolls of teleportation
 q - a scroll of magic mapping {unknown}
 u - 2 scrolls of amnesia
 D - a scroll of fear
Potions
 b - a potion of resistance
 d - 3 potions of cancellation
 e - 4 potions of agility
 f - 4 potions of might
 i - 2 potions of curing
 l - 2 potions of lignification
 n - 2 potions of flight
 p - 3 potions of mutation
 B - 2 potions of brilliance
 E - 2 potions of magic
Comestibles
 c - 20 rations


   Skills:
 - Level 8.0 Fighting
 - Level 12.0 Dodging
 - Level 5.0 Stealth
 - Level 10.0 Unarmed Combat
 - Level 6.0 Spellcasting
 + Level 10.7 Transmutations
 + Level 5.3 Earth Magic
 - Level 6.0 Invocations
 - Level 6.0 Evocations


You had 5 spell levels left.
You knew the following spells:

 Your Spells              Type           Power        Failure   Level  Hunger
a - Beastly Appendage     Tmut           ######       6%          1    None
b - Sticks to Snakes      Tmut           ######..     7%          2    None
c - Spider Form           Tmut/Pois      #####.....   19%         3    None
d - Blade Hands           Tmut           ######....   19%         5    #####..
e - Statue Form           Tmut/Erth      ######...    69%         6    ######.

Your spell library contained the following spells:

 Spells                   Type           Power        Failure   Level  Hunger
 Passwall                 Tmut/Erth      ######..     10%         2    None
 Animate Skeleton         Necr           N/A          32%         1    None
 Corona                   Hex            #......      32%         1    None
 Magic Dart               Conj           #...         32%         1    None
 Pain                     Necr           #...         32%         1    None
 Ice Form                 Ice/Tmut       #####...     34%         4    ###....
 Blink                    Tloc           N/A          41%         2    None
 Call Imp                 Summ           #.......     41%         2    None
 Ensorcelled Hibernation  Hex/Ice        #.....       41%         2    None
 Slow                     Hex            #.......     41%         2    None
 Swiftness                Chrm/Air       #.......     41%         2    None
 Confuse                  Hex            #.......     54%         3    None
 Conjure Flame            Conj/Fire      #.......     54%         3    None
 Dazzling Spray           Conj/Hex       #.....       54%         3    None
 Mephitic Cloud           Conj/Pois/Air  #.......     54%         3    None
 Regeneration             Chrm/Necr      #.........   54%         3    None
 Tukima's Dance           Hex            #.......     54%         3    None
 Vampiric Draining        Necr           #.........   54%         3    None
 Irradiate                Conj/Tmut      #####.....   56%         5    #####..
 Lee's Rapid Deconstruct  Erth           #####.....   56%         5    #####..
 Animate Dead             Necr           N/A          83%         4    ###....
 Passage of Golubria      Tloc           N/A          83%         4    ###....
 Hydra Form               Tmut           ######....   43%         6    ######.
 Dragon Form              Tmut           ######....   85%         7    #######
 Darkness                 Hex            #.........   100%        6    ######.
 Invisibility             Hex            #.......     100%        6    ######.


Dungeon Overview and Level Annotations

Branches:
Dungeon (11/15)            Temple (0/1) D:7            Lair (1/6) D:11
    Orc (0/2) D:9

Altars:
Cheibriados
Dithmenos
Elyvilon
Makhleb
Nemelex Xobeh
Okawaru
Ru
Sif Muna
Trog
Wu Jian
Xom
Zin

Shops:
D:4 !:*?

Annotations:
D:2 1 runed door
D:6 exclusion: door
D:7 2 transporters, George's ghost, novice MfGl
Lair:1 Gastronok


Innate Abilities, Weirdness & Mutations

You cannot wear armour.
You are incapable of wielding weapons or throwing items.
Your paws allow you to move quietly. (Stealth)
You have sharp claws.
You have razor-sharp teeth.
You have supernaturally acute eyesight. (SInv)
You are carnivorous and can eat meat at any time.
You cover ground quickly.
Your thick and shaggy fur keeps you warm. (AC +3, rC+)
You have a slow metabolism.
((Your sharp claws are effective at attacking unaware monsters.))


Message History

You are very lightly contaminated with residual magic.
Your body is twisted very painfully!
You slash the komodo dragon!
The komodo dragon is moderately wounded.
The komodo dragon bites you!
You slash the komodo dragon!
You slash the komodo dragon, but do no damage.
You bite the komodo dragon, but do no damage.
The komodo dragon is heavily wounded.
The komodo dragon closely misses you.
You hit the komodo dragon but do no damage.
The komodo dragon is heavily wounded.
The komodo dragon misses you.
You hit the komodo dragon.
The komodo dragon is heavily wounded.
You slash the komodo dragon! You bite the komodo dragon!
The komodo dragon is almost dead.
The komodo dragon bites you!!
Ouch! That really hurt!
You die...

#P###..## #..##P........## #..#.
........##..............# ##....
........................####..#..
.#####†#########$...###..........
.# #.# #..# #P.......... .# #.#
##..# #.[........ .# #.# #...#
#...####### .# # #.# #.#####...#
#..## # .#P##...
......l@..####..# ## ........
................# #. ##......
............=...# ##
.........##...###.##...# #####
..... . ##.. ####.!.####.#P#
....h #.. #..(........ .... #..
#........... .... #..
#...##.....# ....####..##


You could see a komodo dragon.

Vanquished Creatures
  Harold (D:10)
  2 hydras
  Erica (D:9)
  2 two-headed ogres
  An unseen horror (D:10)
  12 wizards (D:11)
  Pikel (D:7)
  An ugly thing (D:11)
  Maurice (D:11)
  Joseph (D:7)
  Psyche (D:10)
  2 spiny frogs (Lair:1)
  9 komodo dragons
  2 trolls (D:11)
  3 hippogriffs
  A wyvern (D:9)
  16 yaks
  Grum (D:8)
  8 water moccasins
  A sky beast (D:8)
  3 slaves (D:7)
  7 orc warriors
  4 ice beasts
  A black bear (D:9)
  3 phantoms
  5 wolves
  6 ogres
  A centaur (D:9)
  2 crocodiles (Lair:1)
  2 big kobolds (D:7)
  Blork the orc (D:4)
  9 bullfrogs
  2 gnoll sergeants
  A scorpion (D:7)
  A water moccasin skeleton (D:7)
  3 killer bees
  3 wights
  3 howler monkeys
  2 crimson imps
  A bullfrog zombie (D:7)
  A centaur zombie (D:10)
  3 jellies
  5 orc priests
  A gnoll shaman (D:11)
  6 hounds
  2 bullfrog skeletons
  2 centaur skeletons
  4 iguanas
  6 worker ants
  Natasha (D:3)
  16 orc wizards
  2 hound zombies
  A hound skeleton (D:5)
  Robin (D:4)
  14 gnolls
  9 adders
  2 shadow imps
  An ooze (D:2)
  2 adder zombies
  2 adder skeletons
  4 worms
  2 dart slugs
  5 leopard geckos
  51 orcs
  6 giant cockroaches
  14 goblins
  10 hobgoblins
  14 jackals
  6 kobolds
  7 quokkas
  A ball python (D:2)
  8 bats
  4 frilled lizards
  A giant cockroach zombie (D:6)
  A jackal skeleton (D:5)
  9 rats
351 creatures vanquished.

Vanquished Creatures (collateral kills)
  A hobgoblin (D:3)
1 creature vanquished.

Vanquished Creatures (others)
  A hound (D:8)
  A plant (D:11)
2 creatures vanquished.

Grand Total: 354 creatures vanquished

Notes
Turn   | Place    | Note
-------+----------+-------------------------------------------
     0 | D:1      | MisterFreud the Felid Transmuter began the quest for the
                  | Orb.
     0 | D:1      | Reached XP level 1. HP: 9/9 MP: 4/4
    33 | D:1      | Reached skill level 1 in Stealth
   305 | D:1      | Reached XP level 2. HP: 4/12 MP: 6/6
   807 | D:1      | Reached XP level 3. HP: 15/15 MP: 7/7
  1234 | D:2      | Learned a level 2 spell: Sticks to Snakes
  1238 | D:2      | Learned a level 3 spell: Spider Form
  1419 | D:2      | Found a shimmering altar of Xom.
  1503 | D:2      | Found a runed door.
  1573 | D:2      | Found a burning altar of Makhleb.
  1574 | D:2      | Noticed an Executioner
  1795 | D:3      | Reached skill level 5 in Stealth
  1948 | D:3      | Reached XP level 4. HP: 19/19 MP: 6/8
  2541 | D:4      | Found an ornate altar of the Wu Jian Council.
  2575 | D:4      | Found Cufrofae's Distillery.
  2579 | D:4      | Bought a potion of curing for 36 gold pieces
  2579 | D:4      | Bought a potion of degeneration for 12 gold pieces
  2579 | D:4      | Bought a potion of heal wounds for 60 gold pieces
  2631 | D:4      | Found Itaobos's Book Shop.
  2694 | D:4      | Noticed an ogre
  2731 | D:5      | Entered Level 5 of the Dungeon
  2760 | D:5      | Reached XP level 5. HP: 7/24 MP: 3/9
  2761 | D:5      | Noticed an ogre
  2850 | D:4      | Noticed Robin
  3008 | D:4      | Noticed Blork the orc
  3012 | D:4      | Found Pivausagg's Assorted Antiques.
  3024 | D:4      | Killed Blork the orc
  3024 | D:4      | Gained mutation: You are covered in thick fur. (AC +2)
                  | [Felid growth]
  3024 | D:4      | Reached XP level 6. HP: 6/28 MP: 4/10
  3131 | D:4      | Found Emuvedua's Magic Scroll Boutique.
  3195 | D:4      | Noticed Natasha
  3245 | D:3      | Killed Natasha
  3295 | D:4      | HP: 1/28 [orc/+0 whip (4)]
  3363 | D:4      | Killed Robin
  3435 | D:4      | Reached skill level 5 in Unarmed Combat
  3435 | D:4      | Reached XP level 7. HP: 28/31 MP: 8/11
  3964 | D:5      | Found a glowing silver altar of Zin.
  4221 | D:5      | Reached skill level 3 in Dodging
  4304 | D:6      | Reached skill level 4 in Dodging
  4304 | D:6      | Reached skill level 1 in Evocations
  4401 | D:6      | Found a shadowy altar of Dithmenos.
  4538 | D:5      | Reached skill level 5 in Dodging
  4538 | D:5      | Reached XP level 8. HP: 30/34 MP: 2/12
  4810 | D:5      | Reached skill level 6 in Dodging
  4883 | D:5      | Noticed a moth of wrath
  4885 | D:5      | Found a bloodstained altar of Trog.
  5521 | D:6      | Found a snail-covered altar of Cheibriados.
  5549 | D:6      | Became a worshipper of Cheibriados the Contemplative
  5596 | D:6      | Reached skill level 7 in Dodging
  5621 | D:6      | Found a deep blue altar of Sif Muna.
  5685 | D:6      | Found an iron altar of Okawaru.
  5900 | D:7      | Learned a level 5 spell: Blade Hands
  5958 | D:7      | Found a staircase to the Ecumenical Temple.
  6041 | D:7      | Noticed George's ghost (novice MfGl)
  6058 | D:7      | Found a transporter.
  6066 | D:7      | Found a transporter.
  6085 | D:7      | Reached skill level 8 in Dodging
  6090 | D:7      | Noticed Joseph
  6106 | D:7      | Reached skill level 1 in Invocations
  6118 | D:7      | Killed Joseph
  6216 | D:7      | Reached XP level 9. HP: 38/38 MP: 8/13
  6222 | D:7      | Reached * piety under Cheibriados
  6264 | D:7      | Found a sparkling altar of Nemelex Xobeh.
  6757 | D:8      | Noticed Pikel
  6849 | D:7      | Reached skill level 5 in Transmutations
  6945 | D:7      | Killed Pikel
  6945 | D:7      | Reached skill level 5 in Evocations
  6985 | D:7      | Reached ** piety under Cheibriados
  7241 | D:8      | Found a sacrificial altar of Ru.
  7295 | D:8      | Found a white marble altar of Elyvilon.
  7339 | D:8      | Noticed Grum
  7351 | D:8      | Slain by Grum
  7352 | D:8      | Reached XP level 8. HP: -3/36 MP: 11/13
  7355 | D:8      | Killed Grum
  7355 | D:8      | Reached skill level 5 in Invocations
  7355 | D:8      | Reached XP level 9. HP: 39/39 MP: 14/14
  7376 | D:8      | Reached *** piety under Cheibriados
  7442 | D:8      | Noticed a two-headed ogre
  7448 | D:8      | Slain by a two-headed ogre
  7449 | D:8      | Reached XP level 8. HP: -1/36 MP: 7/13
  7524 | D:8      | Noticed a hippogriff
  7526 | D:8      | Killed a two-headed ogre
  7540 | D:8      | Killed a hippogriff
  7540 | D:8      | Reached XP level 9. HP: 26/39 MP: 12/14
  7800 | D:9      | Found an iron altar of Okawaru.
  7899 | D:9      | Reached skill level 9 in Dodging
  7905 | D:9      | Reached skill level 5 in Fighting
  7918 | D:9      | Reached **** piety under Cheibriados
  7918 | D:9      | HP: 1/40 [gnoll/+0 spear (11)]
  7967 | D:9      | Found a staircase to the Orcish Mines.
  8023 | D:9      | Noticed Erica
  8031 | D:9      | Killed Erica
  8031 | D:9      | Reached skill level 10 in Dodging
  8031 | D:9      | Reached XP level 10. HP: 11/45 MP: 10/15
  8493 | D:10     | Entered Level 10 of the Dungeon
  8535 | D:10     | Noticed an unseen horror
  8549 | D:10     | Killed an unseen horror
  8670 | D:10     | Noticed Psyche
  8678 | D:10     | Killed Psyche
  8705 | D:10     | Noticed Harold
  8724 | D:10     | Killed Harold
  8724 | D:10     | Reached skill level 11 in Dodging
  8949 | D:10     | Reached ***** piety under Cheibriados
  9125 | D:10     | Noticed a two-headed ogre
  9136 | D:10     | Killed a two-headed ogre
  9136 | D:10     | Reached XP level 11. HP: 20/50 MP: 11/16
  9487 | D:11     | Noticed a white ugly thing
  9498 | D:11     | Killed a white ugly thing
  9599 | D:11     | Noticed Maurice
  9616 | D:11     | Killed Maurice
  9691 | D:11     | Found a sacrificial altar of Ru.
  9809 | D:11     | Identified a scroll of acquirement
  9913 | D:11     | Found a staircase to the Lair.
  9972 | D:11     | Noticed a wizard
  9979 | D:11     | Killed a wizard
  9979 | D:11     | Reached skill level 12 in Dodging
 10018 | D:11     | Noticed a wizard
 10027 | D:11     | Killed a wizard
 10027 | D:11     | Reached skill level 10 in Unarmed Combat
 10036 | D:11     | Noticed a wizard
 10038 | D:11     | Killed a wizard
 10040 | D:11     | Noticed a wizard
 10045 | D:11     | Noticed a wizard
 10048 | D:11     | Killed a wizard
 10049 | D:11     | Killed a wizard
 10089 | D:11     | Noticed a wizard
 10099 | D:11     | Killed a wizard
 10279 | D:4      | Bought a book of Transfigurations for 605 gold pieces
 10279 | D:4      | Bought a book of Burglary for 825 gold pieces
 10286 | D:4      | Learned a level 6 spell: Statue Form
 10438 | D:11     | Noticed a wizard
 10445 | D:11     | Killed a wizard
 10488 | D:11     | Noticed a wizard
 10492 | D:11     | Found the +3 warlock's mirror {reflect}
 10496 | D:11     | Paralysed by a wizard for 4 turns
 10499 | D:11     | Noticed a wizard
 10501 | D:11     | Killed a wizard
 10501 | D:11     | Reached skill level 1 in Earth Magic
 10506 | D:11     | Noticed a wizard
 10511 | D:11     | Killed a wizard
 10519 | D:11     | Killed a wizard
 10643 | D:11     | Noticed a wizard
 10650 | D:11     | Noticed a seven-headed hydra
 10653 | D:11     | Killed a wizard
 10653 | D:11     | Reached skill level 5 in Spellcasting
 10655 | D:11     | Noticed a wizard
 10657 | D:11     | Killed a seven-headed hydra
 10657 | D:11     | Gained mutation: Your thick and shaggy fur keeps you warm.
                  | (AC +3, rC+) [Felid growth]
 10657 | D:11     | Reached XP level 12. HP: 30/55 MP: 15/21
 10808 | Lair:1   | Entered Level 1 of the Lair of Beasts
 11148 | Lair:1   | Reached skill level 10 in Transmutations
 11223 | Lair:1   | HP: 3/82 [komodo dragon (9)]
 11224 | Lair:1   | Mangled by a komodo dragon
 11225 | Lair:1   | Reached XP level 11. HP: -9/76 MP: 21/21
 11226 | Lair:1   | Noticed a five-headed hydra
 11233 | Lair:1   | Killed a five-headed hydra
 11241 | Lair:1   | Reached skill level 5 in Earth Magic
 11265 | Lair:1   | Noticed Gastronok
 11520 | Lair:1   | Slain by a komodo dragon

Vault maps used:
D:1:      tarquinn_simple_flora_water_c
D:2:      makhleb_altar_promises_db, nicolae_overflow_crystal_walls,
          grunt_ministairs_15, uniq_crazy_yiuf_cottage
D:3:      first_ration
D:4:      lemuel_crystal_altar, serial_shops, shop, nicolae_shop_statue_plus,
          nicolae_shop_statue_plus, nicolae_shop_waterfront, minivault_5,
          uniq_blork_the_orc, uniq_robin, uniq_natasha
D:5:      tgw_trog, zin_academy
D:6:      okawaru_altar_gauntlet_db, kennysheep_slug_shrine, led_sif_book,
          nicolae_dithmenos_shadow_blocks
D:7:      lemuel_doored_altar, minmay_temple_entry_steel_oval,
          gammafunk_ghost_arena, uniq_joseph
D:8:      nicolae_ru_awakened_eye, lemuel_coloured_pillars_altar, uniq_pikel,
          uniq_grum
D:9:      orc_0_dummy, basic_altar, uniq_erica
D:10:     minmay_holes, uniq_psyche, uniq_harold
D:11:     minmay_smoke_and_mirrors, david_lair_shrubbed, basic_altar,
          lab_entry_generic, uniq_maurice
Lair:1:   portal_ice_cave_entry_pillars_1, beast_lair_carwin_7, uniq_gastronok

Skill      XL: |  1  2  3  4  5  6  7  8  9 10 11 12 |
---------------+-------------------------------------+-----
Stealth        | 2 4 5 |  5.0
Fighting       | 3 6 7 8 |  8.0
Transmutations | 3 4 8 9 10 | 10.7
Unarmed Combat | 5 6 7 8 9 10 | 10.0
Dodging        | 5 8 10 11 12 | 12.0
Evocations     | 2 4 6 |  6.0
Invocations    | 6 |  6.0
Spellcasting   | 5 6 |  6.0
Earth Magic    | 5 4 |  5.3

Action                   |  1- 3 |  4- 6 |  7- 9 | 10-12 || total
-------------------------+-------+-------+-------+-------++-------
Melee: Unarmed           |   101 |   174 |   512 |   253 ||  1040
       Headbutt          |    12 |    15 |     2 |       ||    29
       Bite              |     6 |     5 |    13 |    50 ||    74
       Punch             |       |     2 |     6 |    20 ||    28
 Cast: Beastly Appendage |    23 |    15 |     1 |       ||    39
       Sticks to Snakes  |     4 |     4 |     4 |       ||    12
       Spider Form       |       |     8 |    58 |     3 ||    69
       Blade Hands       |       |       |     3 |    31 ||    34
Invok: Slouch            |       |       |       |     1 ||     1
Evoke: Wand              |       |     6 |     5 |     6 ||    17
  Use: Scroll            |     9 |     1 |     5 |     7 ||    22
       Potion            |       |     2 |     4 |     4 ||    10
 Stab: Sleeping          |    13 |     8 |    13 |    12 ||    46
       Paralysed         |       |       |     5 |       ||     5
       Distracted        |       |       |       |     1 ||     1
  Eat: Chunk             |    10 |     4 |    21 |    25 ||    60
Armor: Skin              |     2 |     4 |    17 |    10 ||    33
Dodge: Dodged            |    75 |   134 |   653 |   200 ||  1062

Table legend:
 A = Non-vault XP
 B = Vault XP
 C = Vault XP percentage of total XP
 D = Non-vault monster count
 E = Vault monster count
 F = Vault count percentage of total count
                 A         B        C        D         E       F
            +---------+---------+-------+---------+---------+-------
      Total |   19182 |   16587 |  46.4 |     289 |      60 |  17.2
            +---------+---------+-------+---------+---------+-------
        D:1 |      47 |       0 |   0.0 |      19 |       0 |   0.0
        D:2 |      26 |       3 |  10.3 |      11 |       2 |  15.4
        D:3 |     108 |      37 |  25.5 |      32 |       3 |   8.6
        D:4 |     318 |     130 |  29.0 |      23 |      10 |  30.3
        D:5 |     699 |      13 |   1.8 |      26 |       5 |  16.1
        D:6 |     577 |      42 |   6.8 |      12 |       7 |  36.8
        D:7 |     907 |    1067 |  54.1 |      29 |       2 |   6.5
        D:8 |    2638 |     532 |  16.8 |      40 |       4 |   9.1
        D:9 |    2522 |     929 |  26.9 |      27 |       1 |   3.6
       D:10 |    3577 |    1446 |  28.8 |      25 |       2 |   7.4
       D:11 |    3277 |    9010 |  73.3 |      24 |      14 |  36.8
     Lair:1 |    4486 |    3378 |  43.0 |      21 |      10 |  32.3
            +---------+---------+-------+---------+---------+-------
